AoeStats
← Kommandat-hita

Black Forest

510075742Analyzed
2v2 RM · 3d ago on Sep 29, 2026· 43m 1s· 4 players
Game mode
Random Map
Map size
Medium (4 player)
Population
200
Speed
Normal
Resources
Standard
Victory
Conquest
Starting age
Dark Age
Ending age
Imperial Age
RankedLock teamsTeams togetherTeam positionsShared explorationLock speedFull tech treeHidden civsTurbo modeCheats
Victory
Defeat
🇮🇪 Goths · Ireland
979
+16
🇹🇼 Danes · Taiwan
953
+17
🇩🇪 Goths · Germany
983
-45
🇩🇪 Teutons · Germany
983
-48
QW9053042
1:01 Loom
12:38 Feudal Age
12:47 Feudal Age
13:15 Double-Bit Axe
17:19 Castle Age
20:34 Scale Mail Armor
23:43 Bow Saw
24:40 Horse Collar
26:02 Forging
27:22 Heavy Plow
30:06 Wheelbarrow
31:31 Hand Cart
36:31 Imperial Age
35:17 Iron Casting
36:52 Elite Jomsviking
40:12 Chain Mail Armor
40:57 Blast Furnace
40:36 Hamask
43:41 Plate Mail Armor
davidjoneseire
0:48 Loom
11:21 Feudal Age
17:59 Castle Age
15:40 Man-at-Arms
16:32 Forging
16:22 Scale Mail Armor
18:23 Long Swordsman
20:28 Iron Casting
Kommandat-hita
0:53 Loom
14:36 Feudal Age
15:47 Man-at-Arms
17:00 Town Watch
29:56 Scale Mail Armor
31:24 Wheelbarrow
32:20 Padded Archer Armor
32:26 Scale Barding Armor
32:36 Horse Collar
41:51 Bloodlines
42:30 Fletching
42:51 Forging
Aqura
16:17 Feudal Age
17:45 Gold Mining
18:36 Wheelbarrow
31:00 Stone Mining
31:51 Double-Bit Axe
33:48 Padded Archer Armor
33:56 Scale Barding Armor
33:52 Scale Mail Armor
Connection lost

Rejoining the realm…

Still unreachable

The connection could not be restored.

Session expired

The server has moved on; the page needs a fresh start.